 Dungeon Crawl Stone Soup version 0.29.0-4-gdea44cf6ec (webtiles) character file.

Game seed: 6391599083938923486

242 qw the Chopper (level 6, -3/35 HPs)
             Began as a Tengu Warper on Aug 28, 2022.
             Slain by Pikel
             ... wielding a +2 whip of electrocution
              (9 damage)
             ... on level 4 of the Dungeon.
             The game lasted 00:00:28 (4780 turns).

qw the Chopper (Tengu Warper)                       Turns: 4780, Time: 00:00:28

Health: -3/35      AC:  9    Str: 13    XL:     6   Next: 9%
Magic:  10/10      EV: 11    Int: 14    God:
Gold:   200        SH:  0    Dex: 13    Spells: 9/9 levels left

rFire   . . .      SeeInvis .   Y - +1 war axe
rCold   . . .      Faith    .   (no shield)
rNeg    . . .      Spirit   .   n - +0 scale mail
rPois   .          Reflect  .   (helmet restricted)
rElec   .          Harm     .   a - +2 cloak
rCorr   .          Rampage  .   (no gloves)
Will    .....                   (boots unavailable)
Stlth   ..........              (no amulet)
HPRegen 0.11/turn               (no ring)
MPRegen 0.12/turn               (no ring)

@: flying quickly and evasively, quick
A: beak, talons 3, nimble flight
a: no special abilities


You were on level 4 of the Dungeon.
You visited 2 branches of the dungeon, and saw 5 of its levels.

You collected 200 gold pieces.


Innate Abilities, Weirdness & Mutations

You have a beak for a mouth.
You have claws for feet.
Your magical nature lets you fly swiftly and evasively.


   Skills:
 - Level 2.0 Fighting
 + Level 6.8 Axes
 - Level 1.0 Throwing
 - Level 1.1 Armour
 - Level 2.1 Dodging
 - Level 2.0 Spellcasting
 - Level 2.4 Translocations


You had 9 spell levels left.
You didn't know any spells.
Your spell library contained the following spells:

 Spells                   Type           Power      Damage    Failure   Level
 Blink                    Tloc           16%        N/A       54%         2
 Gell's Gravitas          Tloc           8%         N/A       78%         3
 Lesser Beckoning         Tloc           8%         N/A       78%         3
 Teleport Other           Tloc           8%         N/A       78%         3
 Manifold Assault         Tloc           8%         N/A       100%        5

Inventory:

Hand Weapons
 m - a +1 whip of venom
 Y - a +1 war axe (weapon)
Armour
 a - a +2 cloak (worn)
 n - a +0 scale mail (worn)
Scrolls
 b - a scroll of enchant armour
 k - 2 scrolls of identify
Potions
 f - a potion of might
 g - a potion of haste
 i - 3 potions of curing
 l - a potion of degeneration {unknown}
 p - a potion of brilliance {unknown}
 q - a potion of ambrosia {unknown}

Dungeon Overview and Level Annotations

Branches:
Dungeon (4/15)             Temple (1/1) D:4

Altars:
Dithmenos
Gozag
Hepliaklqana
Makhleb
Qazlal
Sif Muna
Vehumet
Wu Jian
Zin

Annotations:
D:4 Pikel


Message History

The adder barely misses you. x2
You closely miss the adder.
The adder is heavily wounded.
The adder misses you.
You hit the adder.
The adder is heavily wounded.
The adder barely misses you.
You hit the adder.
You kill the adder!
You reach down and open the door.
There is an open door here.
There is an open door here.
Pikel, Merchant of Souls comes into view.
He is wielding a +2 whip of electrocution.
4770 ||| Stepping ~*~*~tactically~*~*~ (stealth).
Pikel shouts!
Throw: javelin
Press: ? - help, Q - select action Shift-Dir - straight line, f - Pikel You throw a javelin.
The javelin closely misses Pikel.
You slash Pikel! You claw Pikel.
Pikel is moderately wounded.
Pikel hits you but does no damage.
You closely miss Pikel.
Pikel is moderately wounded.
Pikel hits you with a +2 whip of electrocution.
You are electrocuted!
You closely miss Pikel. Your punch misses Pikel.
Pikel is moderately wounded.
Pikel barely misses you.
You barely miss Pikel.
Pikel is moderately wounded.
Pikel hits you with a +2 whip of electrocution.
You closely miss Pikel. You claw Pikel. You peck Pikel.
Pikel is heavily wounded.
Pikel closely misses you.
You slash Pikel! You peck Pikel.
Pikel is severely wounded.
Pikel hits you but does no damage.
Pikel hits you with a +2 whip of electrocution!
You are electrocuted!
You die...

#.##................'.......#
#.##...##.##........#############
....)..+...+...........>.........
#.##...##.##........###.#########
..........#####.....# #.#
#......%#######.....###.#
........................#
.................######.#
......#....#####@# #.#
#####.#....#####K######.##
....#'#..........#.[.....#
###.................###.##
###.................###.#
...........##.......+...#
####.......##.......###.#
...........##.(.....###.#
#######....#####........#


You could see Pikel.

Vanquished Creatures
  4 lemures (D:4)
  A howler monkey (D:4)
  An orc priest (D:4)
  Jessica (D:2)
  4 adders
  A worm (D:4)
  4 dart slugs
  An orc (D:2)
  5 ball pythons
  6 bats
  10 endoplasms
  A giant cockroach (D:1)
  13 goblins
  8 hobgoblins
  9 jackals
  4 quokkas
  9 frilled lizards
  7 kobolds
  2 rats
91 creatures vanquished.

Notes
Turn   | Place    | Note
-------+----------+-------------------------------------------
     0 | D:1      | qw the Tengu Warper began the quest for the Orb.
     0 | D:1      | Reached XP level 1. HP: 12/12 MP: 4/4
     0 | D:1      | 0 ||| qw: Version: 0.1-a-89-g26bdef1
     0 | D:1      | 0 ||| qw: Game counter: 2488
     0 | D:1      | 0 ||| qw: Always use a shield: true
     0 | D:1      | 0 ||| qw: God list: Okawaru
     0 | D:1      | 0 ||| qw: Allow faded altars: false
     0 | D:1      | 0 ||| qw: Do Orc after D:15 true
     0 | D:1      | 0 ||| qw: Do second Lair branch before Depths: true
     0 | D:1      | 0 ||| qw: Lair rune preference: random
     0 | D:1      | 0 ||| qw: Plans: Normal
     0 | D:1      | 0 ||| PLANNING D:1-11
    22 | D:1      | 22 ||| Stepping ~*~*~tactically~*~*~ (stealth).
    23 | D:1      | 23 ||| Stepping ~*~*~tactically~*~*~ (stealth).
    38 | D:1      | Reached XP level 2. HP: 13/17 MP: 6/6
   126 | D:1      | Reached skill level 3 in Axes
   188 | D:1      | 188 ||| Stepping ~*~*~tactically~*~*~ (hiding).
   303 | D:1      | 303 ||| Stepping ~*~*~tactically~*~*~ (stealth).
   305 | D:1      | 305 ||| Stepping ~*~*~tactically~*~*~ (stealth).
   408 | D:1      | HP: 2/17 [kobold/+0 dagger (3)]
   411 | D:1      | Reached XP level 3. HP: 2/21 MP: 7/7
   801 | D:1      | Reached skill level 4 in Axes
   942 | D:1      | You fall into a shaft and drop 1 floor!
   983 | D:2      | 983 ||| UPGRADING to +0 ring mail.
   993 | D:2      | 993 ||| DROPPING +0 leather armour.
   994 | D:2      | 994 ||| READING scroll labelled VOUMUCR DIHO.
   995 | D:2      | 995 ||| READING 3 scrolls labelled FISAEJETUR.
   996 | D:2      | 996 ||| DROPPING scroll of blinking.
  1470 | D:1      | 1470 ||| UPGRADING to +0 cloak.
  1475 | D:1      | 1475 ||| READING 2 scrolls of enchant armour.
  1475 | D:1      | 1475 ||| ENCHANTING +0 cloak.
  1476 | D:1      | 1476 ||| READING scroll of enchant armour.
  1476 | D:1      | 1476 ||| ENCHANTING +1 cloak.
  1525 | D:2      | 1525 ||| Stepping ~*~*~tactically~*~*~ (stealth).
  1574 | D:2      | 1574 ||| Stepping ~*~*~tactically~*~*~ (stealth).
  1586 | D:2      | 1586 ||| Stepping ~*~*~tactically~*~*~ (stealth).
  1594 | D:2      | Reached XP level 4. HP: 22/26 MP: 8/8
  1604 | D:2      | 1604 ||| Stepping ~*~*~tactically~*~*~ (stealth).
  1613 | D:2      | 1613 ||| Stepping ~*~*~tactically~*~*~ (stealth).
  1764 | D:2      | 1764 ||| SWAPPING to +0 war axe.
  1769 | D:2      | 1769 ||| DROPPING +0 hand axe.
  1796 | D:2      | Found a faded altar of an unknown god.
  1924 | D:2      | Found a radiant altar of Vehumet.
  2179 | D:2      | Noticed Jessica
  2180 | D:2      | 2180 ||| Stepping ~*~*~tactically~*~*~ (hiding).
  2193 | D:2      | 2193 ||| Stepping ~*~*~tactically~*~*~ (hiding).
  2197 | D:2      | Killed Jessica
  2198 | D:2      | Reached skill level 5 in Axes
  2326 | D:2      | 2326 ||| DROPPING +0 whip.
  2337 | D:2      | 2337 ||| READING scroll labelled SUVVYI JOKKASS.
  2438 | D:2      | 2438 ||| READING 3 scrolls labelled WOATUYLAMU.
  2439 | D:2      | 2439 ||| READING scroll labelled GUNUHUT LITH.
  2440 | D:2      | 2440 ||| READING 2 scrolls of identify.
  2440 | D:2      | 2440 ||| IDENTIFYING clear potion
  2441 | D:2      | 2441 ||| DROPPING potion of invisibility.
  2662 | D:3      | Gained mutation: Your magical nature lets you fly swiftly
                  | and evasively. [Tengu growth]
  2662 | D:3      | Reached XP level 5. HP: 29/30 MP: 9/9
  2683 | D:3      | Identified the +2 leather armour of Calculation {Dex+3}
  2732 | D:3      | 2732 ||| Stepping ~*~*~tactically~*~*~ (stealth).
  2792 | D:3      | Found a shadowy altar of Dithmenos.
  2792 | D:3      | Noticed a shadow
  2795 | D:3      | 2795 ||| FLEEEEING.
  2796 | D:3      | 2796 ||| FLEEEEING.
  2797 | D:3      | 2797 ||| FLEEEEING.
  2798 | D:3      | 2798 ||| FLEEEEING.
  2799 | D:3      | 2799 ||| FLEEEEING.
  2800 | D:3      | 2800 ||| FLEEEEING.
  2801 | D:3      | 2801 ||| FLEEEEING.
  2802 | D:3      | 2802 ||| FLEEEEING.
  2803 | D:3      | 2803 ||| FLEEEEING.
  2804 | D:3      | 2804 ||| FLEEEEING.
  2805 | D:3      | 2805 ||| FLEEEEING.
  2810 | D:3      | 2810 ||| FLEEEEING.
  2811 | D:3      | 2811 ||| FLEEEEING.
  2812 | D:3      | 2812 ||| FLEEEEING.
  2813 | D:3      | 2813 ||| FLEEEEING.
  2814 | D:3      | 2814 ||| FLEEEEING.
  2827 | D:3      | 2827 ||| FLEEEEING.
  2831 | D:3      | 2831 ||| FLEEEEING.
  2832 | D:3      | 2832 ||| FLEEEEING.
  3407 | D:3      | 3407 ||| Stepping ~*~*~tactically~*~*~ (stealth).
  3536 | D:3      | Found a hazy altar of Hepliaklqana.
  3542 | D:3      | 3542 ||| DROPPING +2 leather armour of Calculation {Dex+3}.
  3543 | D:3      | 3543 ||| READING scroll labelled DUCVIKO KIULIPANU.
  3544 | D:3      | 3544 ||| READING 2 scrolls labelled YMOHET RENNI.
  3545 | D:3      | 3545 ||| DRINKING 3 smoky purple potions.
  3546 | D:3      | 3546 ||| DRINKING 2 fizzy cyan potions.
  3547 | D:3      | 3547 ||| READING 3 scrolls of identify.
  3547 | D:3      | 3547 ||| IDENTIFYING fizzy coppery potion
  3548 | D:3      | 3548 ||| READING 2 scrolls of identify.
  3548 | D:3      | 3548 ||| IDENTIFYING viscous yellow potion
  3549 | D:3      | 3549 ||| DROPPING scroll of noise.
  3550 | D:3      | 3550 ||| DROPPING potion of flight.
  3551 | D:3      | 3551 ||| Stepping randomly (stuck).
  3552 | D:3      | 3552 ||| Stepping ~*~*~tactically~*~*~ (cloud).
  3763 | D:4      | 3763 ||| STAIRDANCE
  3791 | D:4      | 3791 ||| STAIRDANCE
  4059 | D:4      | Reached skill level 6 in Axes
  4118 | D:4      | Reached XP level 6. HP: 12/35 MP: 10/10
  4345 | D:4      | Found a staircase to the Ecumenical Temple.
  4346 | D:4      | 4346 ||| PLANNING TEMPLE
  4346 | D:4      | 4346 ||| DROPPING +1 robe of fire resistance.
  4347 | D:4      | 4347 ||| UPGRADING to +0 scale mail.
  4357 | D:4      | 4357 ||| DROPPING +0 ring mail.
  4358 | D:4      | 4358 ||| DROPPING amulet of magic regeneration.
  4359 | D:4      | 4359 ||| READING scroll labelled XOFUAC FYTOEXT.
  4360 | D:4      | 4360 ||| READING 2 scrolls of identify.
  4360 | D:4      | 4360 ||| IDENTIFYING viscous dark potion
  4369 | Temple   | Entered the Ecumenical Temple
  4463 | Temple   | 4463 ||| PLANNING D:1-11
  4517 | D:4      | 4517 ||| Stepping ~*~*~tactically~*~*~ (hiding).
  4598 | D:4      | HP: 7/35 [lemure[Pikel] (5)]
  4599 | D:4      | 4599 ||| DRINKING potion of heal wounds.
  4739 | D:4      | 4739 ||| Stepping ~*~*~tactically~*~*~ (stealth).
  4769 | D:4      | Noticed Pikel
  4770 | D:4      | 4770 ||| Stepping ~*~*~tactically~*~*~ (stealth).
  4780 | D:4      | HP: 6/35 [Pikel/+2 whip of electrocution (10)]
  4780 | D:4      | Slain by Pikel

Levels and vault maps discovered:
D:1:      psy_arrival_conway, layout_basic, minmay_domino_4
D:2:      layout_rooms, basic_altar, shapermc_ecumenical_altar_mp_vishouse,
          kennysheep_jessica_study
D:3:      layout_basic, riverfiend_overflow_shadow_ancestor,
          minmay_misc_feat_tower, chequers_serial_rivers_marsh
D:4:      layout_basic, minmay_temple_entry_proselytizer, uniq_pikel
Temple:   hellmonk_temple_beads

Skill      XL: |  1  2  3  4  5 |
---------------+----------------+-----
Axes           | 3 4 5 6 |  6.8
Fighting       | |  2.0
Throwing       | |  1.0
Armour         | |  1.1
Dodging        | |  2.1
Spellcasting   | |  2.0
Translocations | |  2.4

Action                   |  1- 3 |  4- 6 || total
-------------------------+-------+-------++-------
Melee: Hand axe          |    99 |    13 ||   112
       Kick              |    18 |    34 ||    52
       Peck              |     9 |    13 ||    22
       War axe           |       |   120 ||   120
       Punch             |       |     2 ||     2
Throw: Boomerang         |     7 |       ||     7
       Javelin           |     6 |    36 ||    42
  Use: Scroll            |     4 |    10 ||    14
       Potion            |       |     3 ||     3
Armor: Leather armour    |    18 |       ||    18
       Ring mail         |    10 |    44 ||    54
       Scale mail        |       |    10 ||    10
Dodge: Dodged            |    46 |    72 ||   118

Table legend:
 A = Non-vault XP
 B = Vault XP
 C = Vault XP percentage of total XP
 D = Non-vault monster count
 E = Vault monster count
 F = Vault count percentage of total count
                 A         B        C        D         E       F
            +---------+---------+-------+---------+---------+-------
      Total |     260 |      86 |  24.9 |      82 |       5 |   5.7
            +---------+---------+-------+---------+---------+-------
        D:1 |      52 |       4 |   7.1 |      28 |       2 |   6.7
        D:2 |      52 |      39 |  42.9 |      23 |       2 |   8.0
        D:3 |      55 |       0 |   0.0 |      18 |       0 |   0.0
        D:4 |     101 |      43 |  29.9 |      13 |       1 |   7.1
            +---------+---------+-------+---------+---------+-------
